 Dungeon Crawl Stone Soup version 0.19.5 (webtiles) character file.

205 Yousuki the Cudgeler (level 5, -9/47 HPs)
             Began as a Minotaur Berserker on May 15, 2017.
             Was a Believer of Trog.
             Mangled by an ogre
             ... wielding a +0 giant club
              (17 damage)
             ... on level 4 of the Dungeon on May 18, 2017.
             The game lasted 00:44:29 (3244 turns).

Yousuki the Cudgeler (Minotaur Berserker)           Turns: 3244, Time: 00:44:29

Health: -9/47      AC: 12    Str: 22    XL:     5   Next: 53%
Magic:  4/4        EV: 11    Int:  4    God:    Trog [**....]
Gold:   91         SH:  0    Dex: 10    Spells: 0 memorised, 4 levels left

rFire  . . .     SeeInvis .     I - +0 flail
rCold  + . .     Gourm    .     h - +0 scale mail
rNeg   . . .     Faith    .     (no shield)
rPois  .         Spirit   .     (helmet restricted)
rElec  .         Reflect  .     (no cloak)
rCorr  .         Harm     .     (no gloves)
MR     .....                    (no boots)
Stlth  ..........               (no amulet)
                                r - ring of protection from cold
                                q - +5 ring of protection

@: no status effects
A: retaliatory headbutt, horns 2
a: Berserk, Trog's Hand, Burn Spellbooks, Renounce Religion


You were on level 4 of the Dungeon.
You worshipped Trog.
Trog was pleased with you.
You were not hungry.

You visited 1 branch of the dungeon, and saw 4 of its levels.

You collected 91 gold pieces.

Inventory:

Hand Weapons
 a - a +0 mace
 c - a +0 spear
 e - a cursed -2 club
 g - a +0 hand axe
 i - a +0 dagger
 j - a cursed -2 spear
 k - a +0 club
 l - a +0 mace
 n - a +0 short sword
 p - a +2 quarterstaff of chaos
 u - a +0 short sword
 v - a +4 war axe
 y - a +0 dagger
 B - a cursed -2 club
 G - a +0 hunting sling
 I - a +0 flail (weapon)
Missiles
 d - 35 poisoned needles
 f - 56 stones (quivered)
 o - 15 arrows
 s - 3 javelins
Armour
 b - a +0 animal skin
 h - a +0 scale mail (worn)
 m - a +0 leather armour
 t - a +0 robe
 x - a +0 ring mail of positive energy
 A - a +0 cloak
 F - a +0 robe
Jewellery
 q - a +5 ring of protection (left hand)
 r - a ring of protection from cold (right hand)
Scrolls
 w - 5 scrolls of recharging
 z - a scroll of remove curse
 D - 3 scrolls of identify
Potions
 C - a potion of flight


   Skills:
 + Level 4.6 Fighting
 + Level 5.8 Maces & Flails
 + Level 3.9 Armour
 + Level 2.9 Dodging
 + Level 0.3 Stealth


You had 4 spell levels left.
You didn't know any spells.

Dungeon Overview and Level Annotations

Branches:
Dungeon (4/15)
 Temple: D:4-7

Altars:
Ashenzari

Annotations:
D:4 PeterLawrence's ghost, amateur MiFi


Innate Abilities, Weirdness & Mutations

You reflexively headbutt those who attack you in melee.
You have a pair of horns on your head.


Message History

The ogre hits you with a giant club!
* * * LOW HITPOINT WARNING * * *
You are too injured to fight recklessly!
You are too injured to fight recklessly!
As you read the scroll labeled OCKONN KIOSCH, it crumbles to dust.
You hear a loud clanging noise!
It was a scroll of noise.
The ogre closely misses you.
As you read the scroll labeled CEUPLA JUTH, it crumbles to dust.
It is a scroll of identify.
p - a +2 quarterstaff of chaos The ogre hits you with a giant club!
* * * LOW HITPOINT WARNING * * *
You aren't carrying any rechargeable items.
None of your equipped items are cursed.
You are too injured to fight recklessly!
You are too injured to fight recklessly!
You see here a potion of flight.
C - a potion of flight The ogre hits you with a giant club!
You die...

#############
............#
...........@#
..........O.#
.....>......#
##...###..###
#≈≈≈≈≈##..#
#≈# #≈....# +
#≈....#
#≈#+#≈....#
#≈≈.≈≈....#


You could see an ogre.

Vanquished Creatures
  Crazy Yiuf (D:2)
  Ijyb (D:2)
  3 gnolls (D:2)
  5 adders
  An ooze (D:2)
  A worm (D:2)
  4 dart slugs
  4 leopard geckos
  3 orcs (D:3)
  4 goblins (D:1)
  11 hobgoblins
  3 kobolds (D:1)
  2 quokkas (D:2)
  9 bats
  3 frilled lizards
  5 rats
  25 plants (D:1)
85 creatures vanquished.

Vanquished Creatures (others)
  A plant (D:1)
1 creature vanquished.

Grand Total: 86 creatures vanquished

Notes
Turn   | Place    | Note
-------+----------+-------------------------------------------
     0 | D:1      | Yousuki the Minotaur Berserker began the quest for the Orb.
     0 | D:1      | Reached XP level 1. HP: 19/19 MP: 0/0
   640 | D:1      | Reached XP level 2. HP: 23/27 MP: 1/1
   710 | D:1      | Reached skill level 4 in Maces & Flails
  1150 | D:1      | Reached XP level 3. HP: 33/33 MP: 2/2
  2047 | D:2      | Reached ** piety under Trog
  2128 | D:2      | Found a runed door.
  2189 | D:2      | Reached XP level 4. HP: 39/40 MP: 3/3
  2402 | D:2      | Noticed Ijyb
  2411 | D:2      | Killed Ijyb
  2411 | D:2      | Reached skill level 5 in Maces & Flails
  2573 | D:2      | Reached XP level 5. HP: 21/47 MP: 4/4
  2926 | D:2      | Noticed Crazy Yiuf
  2933 | D:2      | Killed Crazy Yiuf
  2971 | D:3      | Found a shattered altar of Ashenzari.
  3092 | D:4      | Noticed PeterLawrence's ghost (amateur MiFi)
  3110 | D:4      | HP: 2/47 [PeterLawrence's ghost (3)]
  3233 | D:4      | Noticed an ogre
  3244 | D:4      | Mangled by an ogre

Skill      XL: |  1  2  3  4 |
---------------+-------------+-----
Maces & Flails | 4 5 |  5.8
Armour         | 3 |  3.9
Fighting       | 4 |  4.6
Dodging        | |  2.9
Stealth        | |  0.3

Action                   |  1- 3 |  4- 6 || total
-------------------------+-------+-------++-------
Melee: Mace              |   793 |    40 ||   833
       Headbutt          |   267 |    17 ||   284
       Flail             |       |    30 ||    30
       Dagger            |       |     7 ||     7
Throw: Stone             |     2 |       ||     2
  Use: Scroll            |       |     7 ||     7
       Potion            |       |     6 ||     6
  Eat: Bread ration      |     1 |       ||     1
       Fruit             |     2 |     1 ||     3
       Pizza             |       |     1 ||     1
       Beef jerky        |       |     1 ||     1
Armor: Animal skin       |     4 |       ||     4
       Scale mail        |    44 |    34 ||    78
Dodge: Dodged            |    68 |    39 ||   107
